[Event "Late-Titled-Tuesday-Blitz-February-20-2024"]
[Site "Chess.com"]
[Date "2024.02.20"]
[Round "1"]
[White "sharkarton"]
[Black "DanielNaroditsky"]
[Result "0-1"]
[WhiteElo "2516"]
[BlackElo "3121"]
[TimeControl "180+1"]
[EndTime "14:07:38 PST"]
[Termination "DanielNaroditsky won by resignation"]

1. Nf3 Nf6 2. b3 d5 3. Bb2 Bg4 4. e3 Nbd7 5. d4 e6 6. Nbd2 Bd6 7. h3 Bh5 8. Be2 O-O 9. O-O Qe7 10. c4 c6 11. a3 a5 12. Qc2 Bg6 13. Bd3 Bxd3 14.
Qxd3 Rfd8 15. e4 dxe4 16. Nxe4 Nxe4 17. Qxe4 Nf6 18. Qe3 a4 19. bxa4 Rxa4 20. Qb3 Rda8 21. Rfb1 h6 22. Bc1 R8a7 23. Ne5 Qc7 24. Nd3 Qa5 25. Be3 Rxa3 26. Rxa3 Qxa3 27. Qxa3 Rxa3 28. Nc5 Bxc5 29. dxc5 Ra7 30. Bf4 Ne4 31. Bc7 Ra4 32. Rxb7 Rxc4 33. Bd6 Nxc5 34. Bxc5 Rxc5 35. g4 g5 36. Kg2 Rc3 37. Rc7 c5 38. f3 c4 39.
Kg3 Rc1 40. h4 Kg7 41. hxg5 hxg5 42. Rc5 Kg6 43. Rc7 c3 44. Kg2 c2 45. Rc6 Kf6 46. Rc7 Ke5 47. Rc8 f5 48. gxf5 exf5 49.
Rc5+ Kd6 50. Rc8 f4 51. Rc3 g4 52. fxg4 f3+ 53. Rxf3 Rd1 54. Rc3 c1=Q 55. Rxc1 Rxc1 56. g5 Ke5 57. g6 Kf6 0-1

[Event "Late-Titled-Tuesday-Blitz-February-20-2024"]
[Site "Chess.com"]
[Date "2024.02.20"]
[Round "1"]
[White "bocah_sakit"]
[Black "Fandorine"]
[Result "0-1"]
[WhiteElo "2482"]
[BlackElo "2949"]
[TimeControl "180+1"]
[EndTime "14:07:39 PST"]
[Termination "Fandorine won on time"]

1. e4 e5 2. Nf3 Nc6 3. Bb5 a6 4.
Ba4 Nf6 5. O-O Be7 6. Re1 b5 7. Bb3 O-O 8. c3 Na5 9. Bc2 d5 10. exd5 e4 11. Bxe4 Nxe4 12. Rxe4 Bb7 13. d4 Bf6 14.
Bf4 Qxd5 15. Nbd2 Qf5 16. Bxc7 Bxe4 17. Nxe4 Qxe4 18. Bxa5 Rfe8 19. h3 h6 20. a4 Qd5 21.
Bb6 Re6 22. Bc5 Rae8 23. axb5 axb5 24. Qd3 Qb3 25. Ba3 b4 26. Bxb4 Qxb2 27. Rf1 Qe2 28. Qxe2 Rxe2 29. c4 Rc2 30. c5 Rc4 31. Bd2 Bxd4 32.
Nxd4 Rxd4 33. Be3 Rc4 34. g3 g5 35. Kg2 f5 36. Rc1 Rxc1 37. Bxc1 Re4 38. Kf3 Rc4 39.
Be3 Kf7 40. Ke2 Ke6 41. Kd3 Kd5 42. f4 gxf4 43. Bxf4 h5 44. h4 Kxc5 45. Ke3 Kd5 46. Kf3 Rc3+ 0-1

[Event "Late-Titled-Tuesday-Blitz-February-20-2024"]
[Site "Chess.com"]
[Date "2024.02.20"]
[Round "1"]
[White "ContrVersia"]
[Black "WPWPWP-2015"]
[Result "1-0"]
[WhiteElo "2856"]
[BlackElo "2444"]
[TimeControl "180+1"]
[EndTime "14:07:41 PST"]
[Termination "ContrVersia won on time"]

1. Nf3 Nf6 2. c4 e6 3. g3 b6 4. Bg2 Bb7 5. O-O Be7 6. d4 O-O 7. Re1 d5 8. cxd5 exd5 9. Nc3 Nbd7 10. Bf4 c6 11. Rc1 Re8 12. a3 Nf8 13. Ne5 Rc8 14. h4 Ne6 15. e3 Nd7 16. Bh3 Nxe5 17. Bxe5 Ra8 18. Ne2 Bd6 19. Nf4 Nxf4 20. exf4 f6 21. Bxd6 Qxd6 22. Qd3 Rad8 23. h5 Bc8 24. Bf5 Bxf5 25.
Qxf5 c5 26. dxc5 bxc5 27. Red1 Re7 28. Rd2 Red7 29. Rcd1 a5 30. Rxd5 Qxd5 31. Rxd5 Rxd5 32. Qe6+ Kh8 33. h6 R5d7 34. hxg7+ Kxg7 35. Qb6 c4 36. Qxa5 Rc8 37. Qb4 Rcc7 38. a4 Rd3 39. Qb6 Rdd7 40. a5 Rb7 41. Qe6 Rd1+ 42. Kg2 Rd2 43. a6 Rbxb2 44.
Qe7+ Kg6 45. Qe4+ Kg7 46. a7 Rxf2+ 47. Kg1 Rfd2 48. Qe7+ Kg6 49. Qe1 Rg2+ 50. Kf1 Rh2 51. Qe4+ f5 52. Qc6+ Kh5 53. Qf3+ Kg6 54. Qc6+ Kh5 55.
Kg1 Rhc2 56. Qf3+ Kg6 57. Qd1 Rg2+ 58. Kf1 Rh2 59. a8=Q 1-0

[Event "Late-Titled-Tuesday-Blitz-February-20-2024"]
[Site "Chess.com"]
[Date "2024.02.20"]
[Round "1"]
[White "Galileo22"]
[Black "Phamtrangiaphuc2009"]
[Result "1-0"]
[WhiteElo "2602"]
[BlackElo "2265"]
[TimeControl "180+1"]
[EndTime "14:07:41 PST"]
[Termination "Galileo22 won by resignation"]

1. e4 c6 2. Nc3 d6 3. Nf3 e5 4. d4 exd4 5. Nxd4 Nf6 6. h3 g6 7. g3 Bg7 8. Bg2 O-O 9. O-O Nbd7 10. Nde2 c5 11. Qxd6 Re8 12. Rd1 Qa5 13. f4 Nb6 14.
e5 Bd7 15. exf6 Bf8 16. Qd3 Bf5 17. Qf3 Bxc2 18. Rf1 Nc4 19. b3 Nd6 20. Bb2 c4 21. Rfc1 Bd3 22. Kh2 Rad8 23. Ng1 Nf5 24. Qxb7 Qc5 25.
Qf3 Re3 26. Qf2 Qd6 27. Nce2 Rde8 28. Re1 h5 29. Be5 R8xe5 30. fxe5 Qxe5 31. Nf4 Bc5 32. Nxd3 cxd3 33. Nf3 Rxe1 34. Qxe1 Qb2 35. Rd1 h4 36. Rd2 hxg3+ 37. Kh1 Qxf6 38. Rxd3 Bf2 39. Qe8+ Kg7 40. Qe5 Qxe5 41. Nxe5 Ne3 42. Ng4 Nf5 43. Nxf2 gxf2 44. Rf3 Nd4 45. Rxf2 1-0

[Event "Late-Titled-Tuesday-Blitz-February-20-2024"]
[Site "Chess.com"]
[Date "2024.02.20"]
[Round "1"]
[White "sofaceindisguise"]
[Black "Taran2004"]
[Result "1/2-1/2"]
[WhiteElo "2718"]
[BlackElo "2395"]
[TimeControl "180+1"]
[EndTime "14:07:42 PST"]
[Termination "Game drawn by repetition"]

1. d4 Nf6 2. c4 c5 3. d5 b5 4.
cxb5 a6 5. bxa6 d6 6. Nc3 Bxa6 7. g3 g6 8. Bg2 Bg7 9. Nf3 O-O 10. O-O Nbd7 11. Qc2 Qb6 12. Rb1 Rfb8 13. b3 Ng4 14. a4 Qb4 15. Bd2 Qb7 16. Rfe1 Nge5 17. Nxe5 Nxe5 18. h3 Nd7 19. Kh2 Qc7 20. f4 Rb6 21. e4 Rab8 22. Bf1 Bxf1 23. Rxf1 Bxc3 24. Bxc3 Qb7 25.
Rb2 Rxb3 26. Rfb1 c4 27. Bd4 Qb4 28. a5 Qxa5 29. Rxb3 cxb3 30. Qf2 Nc5 31. Qe3 Qa2+ 32. Rb2 Qa3 33. e5 Na4 34. exd6 Nxb2 35. dxe7 Nc4 36. e8=Q+ Rxe8 37. Qxe8+ Qf8 38. Qb5 b2 39. Bxb2 Nxb2 40. Qxb2 Qc5 41. Qb8+ Kg7 42. Qe5+ Kg8 43. Qe4 Qf2+ 44.
Qg2 Qd4 45. h4 h5 46. Qf3 Kf8 47. Kg2 Qd2+ 48. Kf1 Ke7 49. Qe4+ Kf8 50. Qe5 Qd3+ 51.
Kf2 Qd2+ 52. Kf3 Qd3+ 53. Kg2 Qd2+ 54. Kh3 Qd3 55. d6 Qf1+ 56. Kh2 Qf2+ 57. Kh1 Qf1+ 58.
Kh2 Qf2+ 59. Kh1 Qf1+ 60. Kh2 1/2-1/2

[Event "Late-Titled-Tuesday-Blitz-February-20-2024"]
[Site "Chess.com"]
[Date "2024.02.20"]
[Round "1"]
[White "katharinareinecke"]
[Black "Hananmo"]
[Result "0-1"]
[WhiteElo "1972"]
[BlackElo "2525"]
[TimeControl "180+1"]
[EndTime "14:07:43 PST"]
[Termination "Hananmo won by resignation"]

1. d4 Nf6 2. c4 g6 3. Nf3 Bg7 4. g3 O-O 5. Bg2 d6 6. O-O Nc6 7. Nc3 a6 8. e4 e5 9. d5 Ne7 10. h3 Nd7 11. Nd2 f5 12. Kh2 Nc5 13. Qc2 fxe4 14.
Ndxe4 Nxe4 15. Bxe4 Nf5 16. Be3 Bd7 17. Rae1 Nd4 18.
Bxd4 exd4 19. Ne2 Qf6 20. Bd3 Rae8 21. Nf4 Bh6 22. Ne6 Bxe6 23. Rxe6 Rxe6 24. dxe6 Qxe6 25. Qe2 Qxe2 26. Bxe2 c5 27. Kg2 Kf7 28. Bf3 b5 29. Bd5+ Kf6 30. cxb5 axb5 31. b3 Re8 32. Bc6 Re2 33.
Bxb5 Rxa2 34. Re1 Be3 35. Rf1 Rb2 36. Kf3 Bh6 37. Bc4 Bd2 38. Rd1 Ke5 39. Kg4 d5 40. f4+ Kd6 41. Ba6 Be3 42. Rd3 Rc2 43. Kf3 c4 44. bxc4 dxc4 45. Rd1 Kc5 46. Ke4 c3 47. g4 Rh2 48. f5 gxf5+ 49. gxf5 c2 50. Ra1 c1=Q 51. Rxc1+ Bxc1 52. f6 Rf2 53. Ke5 Bg5 54.
Bd3 Rxf6 55. Ke4 Re6+ 0-1

[Event "Late-Titled-Tuesday-Blitz-February-20-2024"]
[Site "Chess.com"]
[Date "2024.02.20"]
[Round "1"]
[White "mirciulica14"]
[Black "laskakid"]
[Result "1-0"]
[WhiteElo "2653"]
[BlackElo "2347"]
[TimeControl "180+1"]
[EndTime "14:07:44 PST"]
[Termination "mirciulica14 won by resignation"]

1. Nf3 Nf6 2. b3 g6 3. Bb2 Bg7 4. c4 c5 5. g3 O-O 6. Bg2 d6 7. d4 d5 8. dxc5 Qa5+ 9. Nbd2 dxc4 10. O-O c3 11. Nc4 Qxc5 12. Bxc3 Nc6 13. Rc1 Qh5 14. Nce5 Rd8 15. Qe1 Nxe5 16. Bxe5 Bh3 17. Bxh3 Qxh3 18. Rc7 Ng4 19. Bxg7 Kxg7 20. Rxe7 Rd5 21. Qc3+ Kg8 22.
Qc4 Rf5 23. Rxf7 Rxf7 24. Qxf7+ Kxf7 25. Ng5+ Kf6 26. Nxh3 Rc8 27. Rd1 Rc2 28. Nf4 Rxa2 29. Rd7 b5 30. Rxh7 a5 31. Rb7 a4 32. Rxb5 a3 33.
Rb6+ Kf5 34. Ra6 Ra1+ 35. Kg2 a2 36. Nd3 Nf6 37. Nb4 Re1 38. Rxa2 Ne4 39. Nd3 Nc3 40. Nxe1 Nxa2 41. Nd3 Nc3 42. Kf3 Nb5 43. e4+ Ke6 44.
Ke3 Na3 45. f4 Nc2+ 46. Kd2 Nd4 47. b4 Nf3+ 48. Ke3 Nxh2 49. Kd4 Ng4 50. Ne5 Nf6 51.
Nxg6 Nd7 52. f5+ Kf7 53. Ne5+ Nxe5 54. Kxe5 1-0

[Event "Late-Titled-Tuesday-Blitz-February-20-2024"]
[Site "Chess.com"]
[Date "2024.02.20"]
[Round "1"]
[White "Marcin"]
[Black "Jospem"]
[Result "0-1"]
[WhiteElo "2513"]
[BlackElo "3099"]
[TimeControl "180+1"]
[EndTime "14:07:45 PST"]
[Termination "Jospem won on time"]

1. Nf3 c5 2. e4 d6 3. Nc3 a6 4. a4 e6 5. Bc4 Nf6 6. O-O d5 7.
exd5 exd5 8. Re1+ Be7 9. Ba2 O-O 10. d4 c4 11. b3 Bb4 12. Bd2 cxb3 13. Bxb3 Nc6 14.
h3 h6 15. Rb1 Qd6 16. Ne2 Ne4 17. Bxb4 Nxb4 18. c3 Nc6 19. c4 Bf5 20. cxd5 Nb4 21.
Rc1 Nxd5 22. Ne5 Rad8 23. Qd3 Qf6 24. Qf3 Nd2 25. Qg3 Nxb3 26. Qxb3 Qb6 27. Qxb6 Nxb6 28.
a5 Nd5 29. Rc5 f6 30. Nc4 Bd3 31. Ne3 Nb4 32. Nf4 Rfe8 33. d5 Bb5 34. Rb1 Nd3 35. Nxd3 Bxd3 36. Rxb7 Rc8 37. Rxc8 Rxc8 38. d6 Rd8 39. d7 Bb5 40. f4 Rxd7 41. Rxd7 Bxd7 42. Kf2 Kf7 43. f5 Ke7 44. Kf3 Kd6 45. Ke4 Kc5 46. g4 Bc6+ 47. Kf4 Kb5 48. h4 Kxa5 49. g5 hxg5+ 50.
hxg5 Kb4 51. gxf6 gxf6 52. Ng4 a5 53. Nxf6 a4 54. Ng4 a3 55. Ne5 Bd5 56. Nd3+ Kc3 57. Nc1 Kc2 58. Ne2 Kb2 59. Nd4 a2 60. f6 a1=Q 0-1

[Event "Late-Titled-Tuesday-Blitz-February-20-2024"]
[Site "Chess.com"]
[Date "2024.02.20"]
[Round "1"]
[White "bipe137"]
[Black "kibromNNN"]
[Result "1-0"]
[WhiteElo "2518"]
[BlackElo "1737"]
[TimeControl "180+1"]
[EndTime "14:07:46 PST"]
[Termination "bipe137 won on time"]

1. d4 d5 2. c4 e6 3. Nc3 Nf6 4.
cxd5 exd5 5. Bg5 Be7 6. e3 c6 7.
Bd3 O-O 8. Qc2 Nbd7 9. Nge2 Re8 10. O-O Nf8 11. f3 Ng6 12. e4 dxe4 13. fxe4 Ng4 14.
Bxe7 Qxe7 15. Qd2 Qh4 16. h3 Nh6 17. e5 Be6 18. Qe3 Rad8 19. Rad1 Ne7 20. Rf4 Qg5 21. h4 Qh5 22. Ng3 Ng4 23. Nxh5 Nxe3 24. Re1 N7d5 25.
Rf2 Ng4 26. Rf3 Nh6 27. Rg3 Bg4 28. Nxd5 Rxd5 29. Nf4 Rxd4 30. Rf1 Be6 31. Nh5 Bg4 32. Nf4 Rxe5 33. Bc2 Rd2 34. Bb3 Rxb2 35. Nd3 Ree2 36. Nxb2 Rxb2 37. Rd3 1-0

[Event "Late-Titled-Tuesday-Blitz-February-20-2024"]
[Site "Chess.com"]
[Date "2024.02.20"]
[Round "1"]
[White "Jaka_Brilej"]
[Black "DrVelja"]
[Result "0-1"]
[WhiteElo "2492"]
[BlackElo "2976"]
[TimeControl "180+1"]
[EndTime "14:07:50 PST"]
[Termination "DrVelja won by resignation"]

1. e4 c5 2. c3 d5 3. exd5 Nf6 4.
d4 cxd4 5. Qxd4 Nxd5 6. Nf3 Nc6 7. Bb5 e6 8. O-O Bd7 9. Qe4 Bd6 10. Nbd2 O-O 11.
Nc4 Bc7 12. Ba4 Qe7 13. Bc2 Nf6 14. Qh4 b5 15. Nce5 Rfe8 16. Nxd7 Qxd7 17. Bg5 Bd8 18. Bxf6 Bxf6 19. Qxh7+ Kf8 20. Rad1 Qc7 21. Be4 Rad8 22. Qh5 Qb6 23. h3 g6 24. Qh6+ Bg7 25. Qh4 Rxd1 26. Rxd1 Rd8 27. Rxd8+ Nxd8 28. Bd3 Nb7 29. Bf1 Nd6 30.
Qf4 a5 31. Ng5 Ke7 32. Ne4 Nxe4 33. Qxe4 b4 34. cxb4 axb4 35. b3 Bd4 36. Qe2 f5 37. g3 Kf6 38. Kg2 e5 39. h4 e4 40. Qa6 Bxf2 41. Qxb6+ Bxb6 42. Be2 Ke5 43. Bc4 Kf6 44. Kf1 Bc7 45. Kf2 Be5 46. Bd5 Kg7 47. Bc4 Kh6 48. Bf7 Kh5 49. Be8 Kg4 50. Bxg6 Bxg3+ 51. Ke2 Bxh4 52.
Bh7 Kf4 53. Bg6 Ke5 54. Ke3 f4+ 55. Ke2 Kd4 56. Bh5 f3+ 57. Bxf3 exf3+ 58. Kxf3 Kc3 59. Ke4 Kb2 60. Kd5 Kxa2 61. Kc4 Ka3 62. Kb5 Kxb3 0-1

[Event "Late-Titled-Tuesday-Blitz-February-20-2024"]
[Site "Chess.com"]
[Date "2024.02.20"]
[Round "1"]
[White "ukchessbomber"]
[Black "IngOscarArdila"]
[Result "1-0"]
[WhiteElo "2594"]
[BlackElo "2246"]
[TimeControl "180+1"]
[EndTime "14:07:51 PST"]
[Termination "ukchessbomber won on time"]

1. a3 Nf6 2. c4 d6 3. b3 Nbd7 4. Bb2 g6 5. d3 Bg7 6. Nd2 O-O 7. Ngf3 b6 8. g3 Bb7 9. Bg2 Rb8 10. O-O c5 11.
Qc2 Qc7 12. e3 Rbc8 13. b4 Rfd8 14. d4 cxd4 15. Bxd4 Ne5 16. Nxe5 dxe5 17. Bxe5 Qxe5 18. Bxb7 Rc7 19. Bg2 Qd6 20. Rad1 Qd3 21. Qxd3 Rxd3 22. Nb1 Rcd7 23. Bf3 Kf8 24. Rxd3 Rxd3 25. c5 bxc5 26. bxc5 Ke8 27. Rc1 Kd8 28. Be2 Rb3 29. Bc4 Rb2 30. Nc3 e6 31. Nb5 a6 32. Nc3 Ng4 33. Nd1 Rd2 34.
Bxa6 Kc7 35. Bf1 Ne5 36. Bg2 Bf8 37. Nc3 Nd3 38. Nb5+ Kb8 39. Rb1 Rb2 40. Rxb2 Nxb2 41.
c6 Bxa3 42. Nxa3 Nd3 43. Nb5 Ne5 44. c7+ Kc8 45. Kf1 f5 46. Ke2 Nd7 47. Bc6 Nb6 48.
Be8 e5 49. Bf7 Kb7 50. Be6 e4 51. g4 1-0

[Event "Late-Titled-Tuesday-Blitz-February-20-2024"]
[Site "Chess.com"]
[Date "2024.02.20"]
[Round "1"]
[White "Duhless"]
[Black "sakkikuska"]
[Result "1-0"]
[WhiteElo "3081"]
[BlackElo "2513"]
[TimeControl "180+1"]
[EndTime "14:07:52 PST"]
[Termination "Duhless won by resignation"]

1. e4 c5 2. Nf3 e6 3. Nc3 Nc6 4. Bb5 Nd4 5. O-O a6 6. Bd3 b5 7. Nxd4 cxd4 8. Ne2 Qb6 9. c3 dxc3 10. bxc3 Bb7 11. Bc2 d5 12. e5 Ne7 13. d4 Nc6 14.
f4 g6 15. Kh1 Be7 16. Be3 Na5 17. a4 Nc4 18. Bf2 Nb2 19. Qb1 Nc4 20. Qc1 Bc6 21. axb5 axb5 22. Rxa8+ Bxa8 23. Ng1 Bc6 24. Nf3 b4 25.
cxb4 Qxb4 26. Bh4 Bxh4 27. Nxh4 Qd2 28. Nf3 Qxc1 29. Rxc1 O-O 30. Bd3 Bb5 31. Rb1 Ba6 32. Ra1 Bb5 33. g4 h6 34. f5 gxf5 35. gxf5 exf5 36.
Bxf5 Ne3 37. Nh4 Nxf5 38. Nxf5 Bd3 39. Nd6 Rb8 40. Ra7 Bg6 41. Kg2 Rb4 42. Ra8+ Kh7 43.
Ra7 Rxd4 44. e6 Rd2+ 45. Kf1 Bd3+ 46. Kg1 Re2 47. exf7 Kg7 48. Ra8 Re1+ 49. Kg2 Rf1 50. Rg8+ Kh7 51. f8=Q Be4+ 1-0

[Event "Late-Titled-Tuesday-Blitz-February-20-2024"]
[Site "Chess.com"]
[Date "2024.02.20"]
[Round "1"]
[White "Grischuk"]
[Black "komogro"]
[Result "1-0"]
[WhiteElo "3071"]
[BlackElo "2512"]
[TimeControl "180+1"]
[EndTime "14:07:53 PST"]
[Termination "Grischuk won on time"]

1. d4 Nf6 2. c4 e6 3. Bg5 Bb4+ 4. Nd2 c5 5. a3 Bxd2+ 6. Qxd2 d6 7. Nf3 Nbd7 8. e3 Qe7 9. Be2 b6 10. Bh4 Bb7 11. b4 O-O 12. O-O h6 13. Rfd1 Rfd8 14. dxc5 dxc5 15. Qb2 Rac8 16. Nd2 Nf8 17. f3 Ng6 18.
Bf2 Qc7 19. Rac1 Qe5 20. Qxe5 Nxe5 21. bxc5 bxc5 22. Nb3 Rxd1+ 23. Rxd1 Ba6 24. Rc1 Nfd7 25. e4 Kf8 26. f4 Ng6 27. Be3 Ne7 28. Kf2 Ke8 29.
g4 Bb7 30. Bf3 e5 31. f5 Ng8 32. h4 Ngf6 33. Nd2 Bc6 34. g5 hxg5 35. hxg5 Ng8 36.
Nb1 Rb8 37. Nc3 Rb3 38. Nd5 Bxd5 39. cxd5 Rxa3 40. Bxc5 Ra2+ 41. Kg3 Nxc5 42. Rxc5 Ne7 43. d6 a5 44. Rxe5 1-0

[Event "Late-Titled-Tuesday-Blitz-February-20-2024"]
[Site "Chess.com"]
[Date "2024.02.20"]
[Round "1"]
[White "Fore_Man"]
[Black "Rashad_Zeynalli"]
[Result "1-0"]
[WhiteElo "2361"]
[BlackElo "2636"]
[TimeControl "180+1"]
[EndTime "14:07:53 PST"]
[Termination "Fore_Man won by resignation"]

1. Nf3 d5 2. d4 Nf6 3. c4 e6 4. Bg5 dxc4 5. e4 h6 6. Bxf6 Qxf6 7.
Bxc4 Qg6 8. Nc3 Bb4 9. Qe2 Nc6 10. O-O O-O 11. a3 Ba5 12. d5 Ne7 13. Ne5 Qf6 14.
f4 Bxc3 15. bxc3 exd5 16. exd5 Nf5 17. Rfe1 Nd6 18. g3 Nxc4 19. Qxc4 Bh3 20. Qxc7 Rac8 21.
Qxb7 Rxc3 22. Rac1 Rxa3 23. Qc6 Qf5 24. Qc2 Qf6 25. Qc6 Qf5 26. Qc2 Qxc2 27. Rxc2 Rd8 28.
Rd2 Ra6 29. Kf2 Rad6 30. Red1 Bf5 31. Nc4 R6d7 32. d6 Be6 33. Ne5 Rb7 34. Nc6 Rdd7 35.
Ne7+ Kf8 36. f5 Bb3 37. Rc1 Rb8 38. Nc6 Rc8 39. Ne5 Rxc1 40. Nxd7+ Ke8 41. Ne5 Ba4 42. d7+ Bxd7 43. Nxd7 f6 44. Nb8 Rc8 45. Na6 Rc6 46. Nb4 Rc5 47. Nd5 a5 48. Ke3 a4 49. Kd4 Ra5 50.
Ra2 a3 51. Kc4 Kd7 52. Nb4 Kd6 53. Rd2+ Ke5 54. Nc6+ Kxf5 55. Nxa5 1-0

[Event "Late-Titled-Tuesday-Blitz-February-20-2024"]
[Site "Chess.com"]
[Date "2024.02.20"]
[Round "1"]
[White "Noki102"]
[Black "IsaqueGoncalvesSanto"]
[Result "1-0"]
[WhiteElo "2519"]
[BlackElo "1787"]
[TimeControl "180+1"]
[EndTime "14:07:53 PST"]
[Termination "Noki102 won by checkmate"]

1. d4 d5 2. Nf3 c6 3. c4 e6 4.
Nbd2 Nd7 5. g3 Nb6 6. c5 Nd7 7. Bg2 b6 8. cxb6 axb6 9. O-O Ngf6 10. Ne5 Nxe5 11. dxe5 Nd7 12. Nf3 Ba6 13. Re1 Qc7 14. e4 Bb4 15. Bd2 Be7 16. exd5 cxd5 17. Rc1 Qb8 18. Bg5 Bb4 19. Bd2 Bc5 20. b4 Be7 21.
Nd4 Nxe5 22. Bf4 Bd6 23. Bxe5 Bxe5 24. Nc6 Qd6 25. Nxe5 Qxb4 26. Nc6 Qd6 27. Qxd5 Qxd5 28. Bxd5 Rc8 29. Bb3 Bb5 30. Ne5 O-O 31. a4 Ba6 32.
Nc6 Rfe8 33. Nb4 Bb7 34. f4 h6 35. Kf2 Rxc1 36. Rxc1 Re7 37. Ke3 g6 38. Nd3 Rd7 39. Ne5 Rd6 40. Rc7 Bd5 41. Bxd5 Rxd5 42. Nxf7 Ra5 43.
Nxh6+ Kf8 44. Rc4 Ke7 45. Ng4 Kd6 46. Ne5 Kd5 47. Rb4 Kc5 48. Nd3+ Kc6 49. Re4 Kd6 50. Ne5 Kd5 51. Nxg6 Kd6 52. Ne5 Rc5 53. Rd4+ Kc7 54. Rc4 Kd6 55. Rxc5 Kxc5 56. h4 Kb4 57. h5 Kxa4 58.
h6 b5 59. h7 b4 60. h8=Q b3 61. Nd3 Ka3 62. Qa1# 1-0

[Event "Late-Titled-Tuesday-Blitz-February-20-2024"]
[Site "Chess.com"]
[Date "2024.02.20"]
[Round "1"]
[White "VincentKeymer"]
[Black "Tonychess32"]
[Result "1-0"]
[WhiteElo "3059"]
[BlackElo "2506"]
[TimeControl "180+1"]
[EndTime "14:07:56 PST"]
[Termination "VincentKeymer won on time"]

1. a3 e6 2. Nf3 d5 3. e3 Nf6 4. c4 c6 5. b4 Bd6 6. Bb2 Nbd7 7.
Nc3 O-O 8. Be2 e5 9. cxd5 cxd5 10. Rc1 a6 11. Qb3 e4 12. Nd4 Nb6 13. O-O Bg4 14. f3 exf3 15. Bxf3 Bxf3 16. Nxf3 Rc8 17. Ne2 Ne4 18. Rxc8 Nxc8 19. Nf4 Bxf4 20. exf4 Nb6 21. d3 Nd6 22. a4 Nf5 23. a5 Nc8 24. Re1 Re8 25. Rxe8+ Qxe8 26. Qxd5 Qe3+ 27. Kf1 Ncd6 28. g4 Ne7 29. Qxd6 Qxf3+ 30. Ke1 Qe3+ 31. Kd1 f6 32. Kc2 Kf7 33. g5 Qe2+ 34. Kb3 Qd1+ 35. Ka3 f5 36. Qd7 Qe2 37. h4 h6 38. gxh6 gxh6 39.
Qd6 Nc6 40. Qf6+ Ke8 41. Qxf5 Qf1 42. Qe4+ Kd7 43. f5 Qf2 44. f6 h5 45. Qd5+ Kc7 46.
f7 Qf4 47. Be5+ Nxe5 48. Qc5+ Nc6 49. f8=Q Qc1+ 50. Qxc1 1-0

[Event "Late-Titled-Tuesday-Blitz-February-20-2024"]
[Site "Chess.com"]
[Date "2024.02.20"]
[Round "1"]
[White "gahryman"]
[Black "pr1105"]
[Result "1-0"]
[WhiteElo "2680"]
[BlackElo "2362"]
[TimeControl "180+1"]
[EndTime "14:07:57 PST"]
[Termination "gahryman won by resignation"]

1. e4 e5 2. Nf3 Nc6 3. Bc4 Bc5 4. c3 Nf6 5. d3 d6 6. O-O a5 7. Re1 h6 8. d4 Ba7 9. Na3 Bg4 10. Nb5 Bb6 11. a4 O-O 12. h3 Bh5 13. g4 Bg6 14. Nh4 Bh7 15. Nf5 Re8 16. d5 Ne7 17. Qf3 Bxf5 18. gxf5 c6 19. Kh1 cxb5 20. Bxb5 Rf8 21. Rg1 Kh7 22. Bd2 g6 23. Qg3 Nfg8 24. Rg2 f6 25.
fxg6+ Kg7 26. Rag1 Rc8 27. Qh4 Rc5 28. Be3 Rxb5 29.
axb5 Bxe3 30. fxe3 Qb6 31. c4 Qc5 32. b3 Qxe3 33.
Qg4 Qc5 34. Qe6 b6 35. Rf1 Qc8 36. Rgf2 Qxe6 37. dxe6 Rc8 38. Rd2 Rd8 39. Rfd1 Nxg6 40. Rxd6 Rxd6 41. Rxd6 N8e7 42. Rxb6 f5 43. Rb8 Kf6 44.
b6 fxe4 45. b7 e3 46. Rf8+ Kxe6 47. b8=Q e2 48. Qb6+ Kd7 49. Qe3 Nxf8 50. Qxe2 Ne6 51. Qd2+ Ke8 52. Qxh6 Nf4 53. Qh8+ Kd7 54. Qxe5 Ne6 55.
Qxa5 1-0

[Event "Late-Titled-Tuesday-Blitz-February-20-2024"]
[Site "Chess.com"]
[Date "2024.02.20"]
[Round "1"]
[White "BardArtem"]
[Black "Josetricks"]
[Result "1-0"]
[WhiteElo "2767"]
[BlackElo "2407"]
[TimeControl "180+1"]
[EndTime "14:07:58 PST"]
[Termination "BardArtem won by resignation"]

1. e4 g6 2. d4 Bg7 3. Nc3 c6 4. Nf3 d5 5. Be2 dxe4 6. Nxe4 Nf6 7. Nxf6+ exf6 8. O-O O-O 9. Re1 a5 10. a4 Na6 11. c3 Be6 12. h3 Nc7 13. Bf4 Nd5 14. Bh2 Re8 15. Bf1 Bf8 16. Nd2 f5 17. Nc4 f4 18.
Be2 Qg5 19. Kh1 Rad8 20. Ne5 Bd6 21. Nf3 Qf6 22. Qc1 Bf5 23. Bf1 Rxe1 24. Qxe1 Kg7 25. Qd2 Be4 26. Re1 Bxf3 27. gxf3 Qf5 28. Qd3 Kf6 29. Qxf5+ Kxf5 30. h4 h5 31. Bh3+ Kf6 32.
Re4 b5 33. axb5 cxb5 34. Kg2 a4 35. Kf1 a3 36. bxa3 Ra8 37. Bd7 Rxa3 38. Re8 Nxc3 39. Rc8 b4 40. Rc6 Ke7 41. Bc8 Nd5 42. Bb7 b3 43.
Rc1 b2 44. Re1+ Ne3+ 45. fxe3 Bb4 46. Rb1 Bc3 47. Bxf4 Bxd4 48. Bg5+ Bf6 49. Bxf6+ Kxf6 50. Ke2 Rb3 51. Bd5 Rb4 52. f4 Kf5 53. Kf3 f6 54.
e4+ 1-0

[Event "Late-Titled-Tuesday-Blitz-February-20-2024"]
[Site "Chess.com"]
[Date "2024.02.20"]
[Round "1"]
[White "andy_rekt"]
[Black "pavet"]
[Result "0-1"]
[WhiteElo "2378"]
[BlackElo "2740"]
[TimeControl "180+1"]
[EndTime "14:07:58 PST"]
[Termination "pavet won by resignation"]

1. e4 e5 2. Nf3 Nc6 3. Bb5 a6 4.
Ba4 Nf6 5. d3 d6 6. O-O g6 7. c3 Bg7 8. d4 O-O 9. d5 Ne7 10. Bc2 h6 11. c4 Kh7 12. Nc3 b6 13.
Ne1 Nfg8 14. Nd3 f5 15. f3 f4 16. b4 a5 17. Ba3 axb4 18. Bxb4 g5 19. a4 Ng6 20. a5 bxa5 21. Rxa5 Rb8 22. Ra7 h5 23. c5 g4 24. c6 Rf7 25. Ba5 Nf6 26. Kh1 Ne8 27. Qe2 Qh4 28. fxg4 hxg4 29. Qf2 g3 30.
Qg1 Bf6 31. Bd1 Kg8 32. Ne2 Rh7 33. Nxg3 Qxg3 34. Rf3 Qh4 35. Nb4 Bg4 36. Rf1 Bxd1 37. Rxd1 Ng7 38. Rd3 Nh5 39. Rh3 Qg4 40. Rxc7 Rxc7 41.
Bxc7 Rxb4 42. Bxd6 Rxe4 43. c7 Ng7 44. Rc3 Qc8 45. Qb6 Re1+ 46. Qg1 Rxg1+ 47. Kxg1 Kf7 48. h4 e4 49. h5 Bxc3 50. hxg6+ Kxg6 0-1

[Event "Late-Titled-Tuesday-Blitz-February-20-2024"]
[Site "Chess.com"]
[Date "2024.02.20"]
[Round "1"]
[White "ckgchess"]
[Black "stasOR4ik"]
[Result "1-0"]
[WhiteElo "2893"]
[BlackElo "2460"]
[TimeControl "180+1"]
[EndTime "14:08:01 PST"]
[Termination "ckgchess won on time"]

1. e4 c6 2. d4 d5 3. e5 c5 4. Nf3 Bg4 5. dxc5 Nc6 6. c3 e6 7. Be3 Bxf3 8. Qxf3 Nxe5 9. Bb5+ Nc6 10. c4 Nf6 11.
Nc3 Be7 12. O-O O-O 13. Rfd1 Qa5 14. cxd5 Nxd5 15. Nxd5 exd5 16. Bf1 Bf6 17. Qxd5 Rad8 18. Qb3 Nd4 19. Qc4 Ne6 20. b4 Qa3 21. Rab1 h6 22.
h3 a6 23. c6 b5 24. Qe4 Qxa2 25. Bd3 g6 26. Bxh6 Rfe8 27. Qe2 Qxe2 28. Bxe2 Nd4 29. Bf3 Nxf3+ 30. gxf3 Rc8 31. Rbc1 g5 32. f4 Kh7 33.
Bxg5 Bxg5 34. fxg5 Kg6 35. Rc5 Rc7 36. Ra1 Ra8 37.
Kg2 Kh5 38. Kg3 Kg6 39. Kg4 f6 40. h4 f5+ 41. Rxf5 Rxc6 42. h5+ Kg7 43. f4 Rd8 44. Re1 Rd7 45. h6+ Kh7 46. Rfe5 Rcc7 47. Kh5 Rc6 48. Re7+ Rxe7 49. Rxe7+ Kg8 50. g6 Kf8 51. Rf7+ Ke8 52. h7 Rxg6 53. Kxg6 1-0

[Event "Late-Titled-Tuesday-Blitz-February-20-2024"]
[Site "Chess.com"]
[Date "2024.02.20"]
[Round "1"]
[White "ansko1999"]
[Black "Walter_White_Poland"]
[Result "1-0"]
[WhiteElo "2688"]
[BlackElo "2363"]
[TimeControl "180+1"]
[EndTime "14:08:03 PST"]
[Termination "ansko1999 won on time"]

1. Nf3 d5 2. e3 Nf6 3. c4 e6 4.
Nc3 Be7 5. b3 O-O 6. Bb2 c6 7. d4 a6 8. Bd3 b5 9. O-O Bb7 10. c5 a5 11. Ne2 Ne8 12. Qc2 g6 13. e4 Ng7 14. e5 Nd7 15. a3 f5 16. exf6 Bxf6 17. b4 axb4 18. axb4 Qc7 19. Rae1 Rae8 20. Qd2 e5 21. dxe5 Nxe5 22. Nxe5 Bxe5 23. Bxe5 Rxe5 24. Nd4 Rfe8 25. Qf4 Qe7 26. Rxe5 Qxe5 27. Qxe5 Rxe5 28. Ra1 Re7 29. Kf1 Kf7 30. Ra7 Ne6 31. Nxe6 Kxe6 32. Ke2 Ke5 33. Ke3 d4+ 34. Kd2 Rf7 35. f3 Kf6 36. Be4 h6 37. h4 g5 38. h5 Re7 39. Kd3 Rd7 40. Kd2 Ke5 41. g3 g4 42.
Kd3 gxf3 43. Bxf3 Rf7 44. Ke2 Kf6 45. Be4 Re7 46. Kd3 Kg5 47. Bg6 Kg4 48. Kxd4 Kxg3 49. Kc3 Kf4 50. Kd4 Rd7+ 51. Kc3 Ke3 52. Bf5 Re7 53. Bc8 Bxc8 54. Rxe7+ 1-0